 Dungeon Crawl Stone Soup version 0.29.1-2-gbd0b4ee654 (webtiles) character file.

Game seed: 8805503158334494917

101 safid the Shooter (level 4, 0/41 HPs)
             Began as a Minotaur Hunter on Oct 24, 2022.
             Slain by Duvessa
             ... wielding a +0 short sword
              (7 damage)
             ... on level 3 of the Dungeon.
             The game lasted 00:03:13 (2936 turns).

safid the Shooter (Minotaur Hunter)                 Turns: 2936, Time: 00:03:14

Health: 0/41       AC:  4    Str: 16    XL:     4   Next: 48%
Magic:  3/3        EV: 12    Int:  6    God:
Gold:   178        SH:  0    Dex: 15    Spells: 3/3 levels left

rFire   . . .      SeeInvis .   a - +0 shortbow
rCold   . . .      Faith    .   (shield currently unavailable)
rNeg    . . .      Spirit   .   c - +0 leather armour
rPois   .          Reflect  .   (helmet restricted)
rElec   .          Harm     .   s - +0 cloak
rCorr   .          Rampage  .   (no gloves)
Will    .....                   (no boots)
Stlth   +.........              (no amulet)
HPRegen 0.13/turn               (no ring)
MPRegen 0.08/turn               (no ring)

@: about to teleport
A: horns 2, retaliatory headbutt
a: no special abilities


You were on level 3 of the Dungeon.
You visited 1 branch of the dungeon, and saw 4 of its levels.

You collected 178 gold pieces.

Inventory:

Hand Weapons
 a - a +0 shortbow (weapon)
Armour
 c - a +0 leather armour (worn)
 s - a +0 cloak (worn)
Wands
 n - a wand of polymorph (5)
Scrolls
 b - 5 scrolls of immolation
 d - a scroll of amnesia {unknown}
 e - 6 scrolls of identify
 f - a scroll of poison {unknown}
 h - a scroll of fear {unknown}
 j - a scroll of teleportation
 k - 2 scrolls of vulnerability {unknown}
 r - a scroll of brand weapon {unknown}
 t - a scroll of blinking {unknown}
 u - a scroll of summoning {unknown}
Potions
 i - 2 potions of might {unknown}
 l - 2 potions of flight {unknown}
 m - a potion of haste {unknown}
 o - a potion of mutation {unknown}
 p - a potion of degeneration {unknown}
 v - a potion of brilliance {unknown}


   Skills:
 + Level 4.4 Fighting
 + Level 5.6 Ranged Weapons
 - Level 2.1 Dodging
 - Level 0.7 Stealth


You had 3 spell levels left.
You didn't know any spells.
Your spell library was empty.

Dungeon Overview and Level Annotations

Branches:
Dungeon (4/15)
 Temple: D:4-7

Altars:
Elyvilon
Ru
Trog
Zin

Annotations:
D:2 1 runed translucent door, Crazy Yiuf
D:3 Dowan, Duvessa


Innate Abilities, Weirdness & Mutations

You have a pair of horns on your head.
You reflexively headbutt those who attack you in melee.


Message History

You are too injured to fight recklessly!
Unknown command.
* * * LOW HITPOINT WARNING * * *
You feel very sick. Duvessa hits you but does no damage.
Dowan hits you with a +2 dagger of venom.
* * * LOW HITPOINT WARNING * * *
You climb upwards.
* * * LOW HITPOINT WARNING * * *
You feel very sick.
There is a stone staircase leading down here.
Unknown command.
It was a potion of curing.
You feel better. Duvessa completely misses you.
Dowan hits you with a +2 dagger of venom!
* * * LOW HITPOINT WARNING * * *
You are lethally poisoned!
You feel better. Duvessa misses you.
Dowan hits you with a +2 dagger of venom.
* * * LOW HITPOINT WARNING * * *
As you read the scroll labelled KOKINU KONAHU, it crumbles to dust.
It is a scroll of identify.
j - 2 scrolls of teleportation Duvessa hits you with a +0 short sword!
* * * LOW HITPOINT WARNING * * *
Dowan barely misses you.
Okay, then.
You feel better. Duvessa hits you with a +0 short sword.
* * * LOW HITPOINT WARNING * * *
Dowan casts a spell.
Dowan blinks!
As you read the scroll of teleportation, it crumbles to dust.
You feel strangely unstable. Duvessa hits you with a +0 short sword.
* * * LOW HITPOINT WARNING * * *
Okay, then.
Fire: a) +0 shortbow
Press: ? - help, Q - select action, (/) - cycle Shift-Dir - straight line, f - Duvessa
Aim: Duvessa, wielding a +0 short sword and wearing a +0 leather armour (heavily wounded, 66% to hit)
You shoot an arrow. The arrow barely misses Duvessa.
Duvessa hits you with a +0 short sword!
You die...

######.#.........##.##......
#####.#...##.#.##..........
#######..........#.#.##..##......
...)....####.#####.#.##..........
#########............##.##.......
...........#.#####.####.##.......
########...#.# #.#....##.......
####.#.#...#.#####...#####.......
...........#...e@..#.......#+####
#.#.#.##.#.#######.........#.####
.........#.# #.........#.<...
#.#.#.####.# #...........####
......## #.# #...e.......>...
#.#.#..# #.# #...............
.......# #.# #...............
######.###.# #.............##
#####.....# ########......##


You could see Duvessa and Dowan.

Vanquished Creatures
  Terence (D:2)
  3 adders
  A worm (D:3)
  3 orcs (D:3)
  2 bats
  2 endoplasms
  5 goblins
  4 hobgoblins
  2 jackals (D:1)
  5 kobolds
  A quokka (D:3)
  4 ball pythons
  5 frilled lizards
  6 rats
44 creatures vanquished.

Vanquished Creatures (others)
  A fungus (D:2)
1 creature vanquished.

Grand Total: 45 creatures vanquished

Notes
Turn   | Place    | Note
-------+----------+-------------------------------------------
     0 | D:1      | safid the Minotaur Hunter began the quest for the Orb.
     0 | D:1      | Reached XP level 1. HP: 18/18 MP: 0/0
   359 | D:1      | Reached XP level 2. HP: 26/26 MP: 1/1
   937 | D:2      | Reached skill level 5 in Ranged Weapons
   937 | D:2      | Reached XP level 3. HP: 31/31 MP: 2/2
  1014 | D:2      | Found a white marble altar of Elyvilon.
  1134 | D:2      | Found a faded altar of an unknown god.
  1199 | D:2      | Noticed Terence
  1211 | D:2      | Killed Terence
  1212 | D:2      | Reached XP level 4. HP: 24/40 MP: 3/3
  1543 | D:2      | Found a runed translucent door.
  1544 | D:2      | Noticed Crazy Yiuf
  2250 | D:3      | Found a glowing silver altar of Zin.
  2265 | D:3      | Found a bloodstained altar of Trog.
  2567 | D:4      | Found a sacrificial altar of Ru.
  2603 | D:4      | Noticed Dowan
  2605 | D:4      | Noticed Duvessa
  2936 | D:3      | Slain by Duvessa

Illustrated notes

Levels and vault maps discovered:
D:1:      amcnicky_arrival_wind_blow, layout_basic, serial_rivers,
          chequers_serial_rivers_room_a, chequers_serial_rivers_small_b,
          chequers_serial_rivers_marsh, chequers_serial_rivers_micro_e
D:2:      kennysheep_six_static_rooms, layout_rooms, basic_altar,
          chequers_ecumenical_altar_island, uniq_terence,
          uniq_crazy_yiuf_cottage
D:3:      layout_basic, mainiacjoe_overflow_big_doors, serial_co_window_serial,
          co_window_of_opportunity_a, co_window_of_opportunity_a,
          co_window_paths_b, co_window_paths_a, co_window_paths_b,
          co_window_of_opportunity_b, co_window_of_opportunity_b,
          co_window_corner_cb, co_window_corner_cb, glass_columns_c,
          glass_columns_b, glass_columns_b, glass_columns_b, glass_columns_a
D:4:      layout_layer_cave, lemuel_doored_altar, gammafunk_ghost_grave,
          minmay_misc_feat_encased, uniq_duvessa, uniq_grinder

Skill      XL: |  1  2  3 |
---------------+----------+-----
Fighting       | 3 4 |  4.4
Ranged Weapons | 5 |  5.6
Dodging        | |  2.1
Stealth        | |  0.7

Action                   |  1- 3 |  4- 6 || total
-------------------------+-------+-------++-------
 Fire: Shortbow          |    76 |    62 ||   138
  Use: Potion            |       |     5 ||     5
       Scroll            |       |     2 ||     2
Armor: Leather armour    |    10 |     6 ||    16
Dodge: Dodged            |    22 |    25 ||    47
